 Dungeon Crawl Stone Soup version 0.28-a0-1485-g077359a4bf (webtiles) character file.

Game seed: 14801413253422102060

546 sanka the Chiller (level 7, -10/51 HPs)
             Began as a Gnoll Ice Elementalist on Jan 11, 2022.
             Mangled by an ogre (24 damage)
             ... on level 6 of the Dungeon.
             The game lasted 00:09:18 (5698 turns).

sanka the Chiller (Gnoll Ice Elementalist)          Turns: 5698, Time: 00:09:18

Health: -10/51     AC:  4    Str:  8    XL:     7   Next: 28%
Magic:  13/15      EV: 13    Int: 16    God:
Gold:   186        SH:  0    Dex: 12    Spells: 10/17 levels left

rFire   . . .      SeeInvis .   i - +0 rapier
rCold   . . .      Faith    .   (no shield)
rNeg    . . .      Spirit   .   o - +1 animal skin
rPois   .          Reflect  .   m - +0 helmet
rElec   .          Harm     .   (no cloak)
rCorr   .          Rampage  .   (no gloves)
Will    .....                   (no boots)
Stlth   +++.......              (no amulet)
HPRegen 0.17/turn               (no ring)
MPRegen 0.14/turn               (no ring)

@: no status effects
A: fangs 1, strong nose, distributed training
a: no special abilities


You were on level 6 of the Dungeon.
You visited 2 branches of the dungeon, and saw 7 of its levels.

You collected 186 gold pieces.


Innate Abilities, Weirdness & Mutations

You have very sharp teeth.
Your uncanny sense of smell can sniff out nearby items.
Your experience applies equally to all skills.


   Skills:
 + Level 2.3 Fighting
 + Level 2.3 Short Blades
 + Level 2.3 Long Blades
 + Level 2.3 Axes
 + Level 2.3 Maces & Flails
 + Level 2.3 Polearms
 + Level 2.3 Staves
 + Level 2.3 Slings
 + Level 2.3 Bows
 + Level 2.3 Crossbows
 + Level 2.3 Throwing
 + Level 2.3 Armour
 + Level 5.2 Dodging
 + Level 4.8 Stealth
 + Level 2.3 Shields
 + Level 2.3 Unarmed Combat
 + Level 5.5 Spellcasting
 + Level 1.9 Conjurations
 + Level 1.9 Hexes
 + Level 1.9 Summonings
 + Level 1.9 Necromancy
 + Level 1.9 Translocations
 + Level 1.9 Transmutations
 + Level 1.9 Fire Magic
 + Level 7.4 Ice Magic
 + Level 1.9 Air Magic
 + Level 1.9 Earth Magic
 + Level 1.9 Poison Magic
 + Level 2.6 Invocations
 + Level 2.3 Evocations


You had 10 spell levels left.
You knew the following spells:

 Your Spells              Type           Power      Damage    Failure   Level
a - Ozocubu's Armour      Ice            28%        N/A       1%          3
y - Frozen Ramparts       Ice            56%        1d7       1%          3
z - Freeze                Ice            100%       1d11      1%          1

Your spell library contained the following spells:

 Spells                   Type           Power      Damage    Failure   Level
 Ensorcelled Hibernation  Hex/Ice        38%        N/A       3%          2
 Sublimation of Blood     Necr           10%        N/A       10%         2
 Wereblood                Tmut           10%        N/A       10%         2
 Call Canine Familiar     Summ           10%        N/A       19%         3
 Portal Projectile        Hex/Tloc       20%        N/A       19%         3
 Spider Form              Tmut/Pois      10%        N/A       19%         3
 Hailstorm                Conj/Ice       19%        3d6       21%         4
 Anguish                  Hex/Necr       5%         N/A       54%         4
 Leda's Liquefaction      Hex/Erth       5%         N/A       54%         4
 Summon Hydra             Summ           5%         N/A       100%        7

Inventory:

Hand Weapons
 i - a +0 rapier (weapon)
Armour
 m - a +0 helmet (worn)
 o - a +1 animal skin (worn)
Wands
 k - a wand of flame (26)
Scrolls
 c - a scroll of fog {unknown}
 d - 5 scrolls of identify {unknown}
 e - a scroll of holy word {unknown}
 f - 6 scrolls of teleportation {unknown}
 j - a scroll of enchant armour {unknown}
 l - 2 scrolls of enchant weapon {unknown}
 n - 2 scrolls of silence {unknown}
 q - a scroll of fear {unknown}
Potions
 a - a potion of berserk rage {unknown}
 b - a potion of curing {unknown}
 g - a potion of mutation {unknown}
 h - a potion of haste {unknown}
 p - a potion of heal wounds {unknown}
 r - a potion of lignification {unknown}
 s - a potion of ambrosia {unknown}
 t - a potion of attraction {unknown}

Dungeon Overview and Level Annotations

Branches:
Dungeon (6/15)             Temple (1/1) D:5

Altars:
Ashenzari
Dithmenos
Elyvilon
Fedhas
Hepliaklqana
Kikubaaqudgha
Makhleb
Nemelex Xobeh
Okawaru
Qazlal
Ru
Sif Muna
Trog
Uskayaw
Wu Jian
Xom
Zin

▒.▒ .▒▒.▒ ▒.▒▒.▒
▒.▒▒.▒ ▒ ▒.▒▒.▒
.▒ ▒.▒▒.▒▒.▒
▒▒▒▒▒▒▒▒.......▒
...........<...▒
......hgO▒▒.▒▒.▒
▒▒▒▒▒▒▒z....▒
▒.▒▒▒▒▒ ▒z▒
▒▒▒▒▒▒▒▒.▒
........z▒▒▒▒
▒▒▒▒▒▒.....▒
▒.▒▒▒z▒ ▒)▒ ▒.▒


You could see an ogre, a hound (wandering) and 3 wights.


Message History

The wall freezes the wight.
The wight resists.
The wall freezes the wight.
The wight closely misses you.
Unknown command.
You closely miss the wight.
The wight is lightly damaged.
The wight completely resists.
The wall freezes the wight but does no damage.
The wight resists.
The wall freezes the wight.
The wight completely resists.
The wall freezes the wight but does no damage.
The wight hits you with a +4 war axe!!
* * * LOW HITPOINT WARNING * * *
The wight completely resists.
The wall freezes the wight but does no damage.
Unknown command.
Your frozen ramparts will break if you move.
Continue?
The frozen ramparts melt away as you move.
Things that are here:
a +0 spear; a +0 spear; a gnoll corpse You see here a +0 club.
You are no longer corroded.
An ogre comes into view. It is wielding a +0 giant club.
The ogre shouts!
A hound comes into view.
There is a stone staircase leading up here.
The ogre hits you with a +0 giant club!!
You die...

Action                   |  1- 3 |  4- 6 |  7- 9 || total
-------------------------+-------+-------+-------++-------
Melee: Unarmed           |    35 |    11 |       ||    46
       Bite              |     2 |     5 |     6 ||    13
       Punch             |       |     2 |     2 ||     4
       Rapier            |       |    46 |    18 ||    64
 Cast: Freeze            |    49 |    75 |     7 ||   131
       Frozen Ramparts   |       |    11 |     3 ||    14
Armor: Robe              |     9 |     6 |       ||    15
       Animal skin       |       |    24 |     3 ||    27
Dodge: Dodged            |    47 |    77 |    15 ||   139

Levels and vault maps discovered:
D:1:      dpeg_arrival_simpleton_c, layout_rooms, basic_ecumenical_altar
D:2:      layout_loops_cross, serial_bayou, serial_bayou_shore_b,
          serial_bayou_pond_b, serial_bayou_lagoon_a, serial_bayou_pond_a,
          uniq_jessica
D:3:      layout_loops_ring, uniq_robin
D:4:      minmay_angry_zag, layout_layer_cave
D:5:      layout_basic, brannock_xom_greatest_gift, grunt_temple_overflow_open,
          minmay_temple_entry_overgrown
D:6:      layout_loops_ring, grunt_temple_overflow_holy_war, minmay_fountain_box
Temple:   eino_narrow_crystal_temple

Notes
Turn   | Place    | Note
-------+----------+-------------------------------------------
     0 | D:1      | sanka the Gnoll Ice Elementalist began the quest for the
                  | Orb.
     0 | D:1      | Reached XP level 1. HP: 13/13 MP: 6/6
    98 | D:1      | Reached XP level 2. HP: 14/19 MP: 2/7
   427 | D:1      | Found a faded altar of an unknown god.
   485 | D:1      | Reached XP level 3. HP: 25/25 MP: 7/9
   545 | D:1      | Learned a level 3 spell: Frozen Ramparts
   549 | D:1      | Learned a level 3 spell: Ozocubu's Armour
   640 | D:1      | Reached skill level 5 in Spellcasting
   929 | D:2      | Reached skill level 1 in Invocations
  1151 | D:2      | Noticed Jessica
  1159 | D:2      | Killed Jessica
  1160 | D:2      | Reached skill level 1 in Fighting
  1160 | D:2      | Reached skill level 1 in Short Blades
  1160 | D:2      | Reached skill level 1 in Long Blades
  1160 | D:2      | Reached skill level 1 in Axes
  1160 | D:2      | Reached skill level 1 in Maces & Flails
  1160 | D:2      | Reached skill level 1 in Polearms
  1160 | D:2      | Reached skill level 1 in Staves
  1160 | D:2      | Reached skill level 1 in Slings
  1160 | D:2      | Reached skill level 1 in Bows
  1160 | D:2      | Reached skill level 1 in Crossbows
  1160 | D:2      | Reached skill level 1 in Throwing
  1160 | D:2      | Reached skill level 1 in Armour
  1160 | D:2      | Reached skill level 1 in Shields
  1160 | D:2      | Reached skill level 1 in Unarmed Combat
  1160 | D:2      | Reached skill level 1 in Evocations
  1160 | D:2      | Reached XP level 4. HP: 32/32 MP: 8/11
  1601 | D:2      | Reached skill level 1 in Conjurations
  1601 | D:2      | Reached skill level 1 in Hexes
  1601 | D:2      | Reached skill level 1 in Summonings
  1601 | D:2      | Reached skill level 1 in Necromancy
  1601 | D:2      | Reached skill level 1 in Translocations
  1601 | D:2      | Reached skill level 1 in Transmutations
  1601 | D:2      | Reached skill level 1 in Fire Magic
  1601 | D:2      | Reached skill level 1 in Air Magic
  1601 | D:2      | Reached skill level 1 in Earth Magic
  1601 | D:2      | Reached skill level 1 in Poison Magic
  1853 | D:3      | Reached XP level 5. HP: 35/37 MP: 9/12
  2137 | D:3      | Noticed Robin
  2147 | D:3      | Killed Robin
  3210 | D:4      | Reached skill level 2 in Invocations
  3210 | D:4      | Reached XP level 6. HP: 41/44 MP: 8/13
  3544 | D:4      | Reached skill level 5 in Dodging
  3791 | D:4      | Reached skill level 2 in Fighting
  3791 | D:4      | Reached skill level 2 in Short Blades
  3791 | D:4      | Reached skill level 2 in Long Blades
  3791 | D:4      | Reached skill level 2 in Axes
  3791 | D:4      | Reached skill level 2 in Maces & Flails
  3791 | D:4      | Reached skill level 2 in Polearms
  3791 | D:4      | Reached skill level 2 in Staves
  3791 | D:4      | Reached skill level 2 in Slings
  3791 | D:4      | Reached skill level 2 in Bows
  3791 | D:4      | Reached skill level 2 in Crossbows
  3791 | D:4      | Reached skill level 2 in Throwing
  3791 | D:4      | Reached skill level 2 in Armour
  3791 | D:4      | Reached skill level 2 in Shields
  3791 | D:4      | Reached skill level 2 in Unarmed Combat
  3791 | D:4      | Reached skill level 2 in Evocations
  4214 | D:5      | Entered Level 5 of the Dungeon
  4237 | D:5      | Found a shimmering altar of Xom.
  4272 | D:5      | Found a shadowy altar of Dithmenos.
  4278 | D:5      | Found an ornate altar of the Wu Jian Council.
  4778 | D:5      | Found a staircase to the Ecumenical Temple.
  4789 | Temple   | Entered the Ecumenical Temple
  4933 | D:5      | Reached XP level 7. HP: 50/50 MP: 11/15
  5698 | D:6      | Mangled by an ogre

Vanquished Creatures
  2 bullfrog zombies
  3 hounds
  2 jellies
  Jessica (D:2)
  An orc wizard (D:4)
  An iguana (D:5)
  A hound skeleton (D:4)
  Robin (D:3)
  3 gnolls (D:6)
  7 adders
  A howler monkey skeleton (D:5)
  2 worms
  3 dart slugs
  13 orcs
  3 bats
  5 endoplasms
  3 giant cockroaches
  19 goblins
  6 hobgoblins
  10 jackals
  3 quokkas
  9 ball pythons
  3 frilled lizards
  12 kobolds
  4 rats
118 creatures vanquished.

Vanquished Creatures (others)
  3 plants (D:2)
3 creatures vanquished.

Grand Total: 121 creatures vanquished
